 Dungeon Crawl Stone Soup version 0.20.1-1-g8b1a95d (webtiles) character file.

169 Lanoc the Chopper (level 5, -4/47 HPs)
             Began as a Hill Orc Chaos Knight on Nov 28, 2017.
             Slain by an orc
             ... wielding a +0 flail
              (8 damage)
             ... on level 4 of the Dungeon.
             The game lasted 00:07:17 (2180 turns).

Lanoc the Chopper (Hill Orc Chaos Knight)           Turns: 2180, Time: 00:07:18

Health: -4/47      AC:  5    Str: 16    XL:     5   Next: 50%
Magic:  5/5        EV: 11    Int: 12    God:    Xom [.....*]
Gold:   170        SH:  0    Dex: 10    Spells: 4/4 levels left

rFire    + . .     SeeInvis .   a - +0 hand axe (chaos)
rCold    + . .     Gourm    .   (no shield)
rNeg     . . .     Faith    .   b - +2 leather armour
rPois    +         Spirit   .   (no helmet)
rElec    +         Reflect  .   (no cloak)
rCorr    +         Harm     .   (no gloves)
MR       .....                  (no boots)
Stlth    +.........             (no amulet)
Regen    0.2/turn               (no ring)
MPRegen  0.1/turn               (no ring)

@: resistant
A: hooves 2, high mp 1, poison resistance
a: Renounce Religion


You were on level 4 of the Dungeon.
You worshipped Xom.
You were Xom's teddy bear.
You were not hungry.

You visited 1 branch of the dungeon, and saw 4 of its levels.

You collected 170 gold pieces.

Inventory:

Hand Weapons
 a - a +0 hand axe of chaos (weapon)
 g - a +0 blowgun
Missiles
 r - 15 poisoned needles
Armour
 b - a +2 leather armour (worn)
Scrolls
 d - 3 scrolls of teleportation
 e - 3 scrolls of fog
 j - a scroll of amnesia {unknown}
 k - a scroll of identify
 m - a scroll of magic mapping
 p - 3 scrolls of remove curse
Potions
 f - 3 potions of lignification
 i - a potion of cancellation
 l - a potion of flight
 n - a potion of resistance
Comestibles
 c - 3 bread rations
 h - 5 fruits
 o - 3 meat rations
 q - a royal jelly


   Skills:
 + Level 4.5 Fighting
 + Level 6.1 Axes
 + Level 2.8 Armour
 + Level 1.7 Dodging
 + Level 0.8 Stealth


You had 4 spell levels left.
You didn't know any spells.

Dungeon Overview and Level Annotations

Branches:
Dungeon (4/15)
 Temple: D:4-7

Altars:


Innate Abilities, Weirdness & Mutations

You have hoof-like feet.
You have an increased reservoir of magic. (+10% MP)
Your system is resistant to poisons. (rPois)


Message History

The helpless orc wizard fails to defend itself.
You hit the orc wizard but do no damage.
The orc wizard is poisoned.
You kick the orc wizard.
You kill the orc wizard!
You closely miss the orc. The orc hits you with a flail.
You hit the orc but do no damage.
The orc flickers and vanishes!
Deactivating autopickup; reactivate with Ctrl-A.
Xom thinks this is hilarious!
You barely miss the orc. Something hits you.
* * * LOW HITPOINT WARNING * * *
The orc hits you with a mace.
* * * LOW HITPOINT WARNING * * *
You hit the orc.
Space bends around the orc.
You kill the orc!
You closely miss something. Something hits you.
* * * LOW HITPOINT WARNING * * *
It was a potion of resistance.
You feel protected. Something hits you!
You die...

# ### ### #. #.# #.#
####.####.######.#######
...........†............
........).....##..######
##...)@{.............##
#...###.######.....<..
#.. ................. #.
...o.............. ..
.###.#............. ..
#.#.##....###.#. .
#.#...........#.
##.......... #........#<


There were no monsters in sight!

Vanquished Creatures
  An orc wizard (D:4)
  Jessica (D:3)
  An iguana (D:4)
  4 adders
  An ooze (D:1)
  A worm (D:2)
  2 leopard geckos
  6 orcs
  9 bats
  3 giant cockroaches
  4 goblins (D:1)
  4 hobgoblins
  A quokka (D:2)
  3 frilled lizards
  6 kobolds
  4 rats
51 creatures vanquished.

Notes
Turn   | Place    | Note
-------+----------+-------------------------------------------
     0 | D:1      | Lanoc the Hill Orc Chaos Knight began the quest for the Orb.
     0 | D:1      | Reached XP level 1. HP: 19/19 MP: 1/1
   199 | D:1      | Reached XP level 2. HP: 25/27 MP: 2/2
   507 | D:1      | XOM: silly message
   558 | D:1      | XOM: harmless Pois miscast
   780 | D:1      | XOM is BORED!
   780 | D:1      | XOM: harmless Tmut miscast
   840 | D:1      | Reached XP level 3. HP: 30/33 MP: 3/3
   950 | D:2      | Reached skill level 5 in Axes
  1043 | D:2      | Reached skill level 1 in Dodging
  1265 | D:2      | XOM: noise
  1453 | D:2      | Reached XP level 4. HP: 33/40 MP: 4/4
  1668 | D:3      | XOM: mild Hex miscast
  1687 | D:3      | XOM: give mutations
  1687 | D:3      | Gained mutation: You have large cloven feet. [Xom's grace]
  1687 | D:3      | Gained mutation: You have hoof-like feet. [Xom's grace]
  1687 | D:3      | Gained mutation: Your system is resistant to poisons. (rPois) [Xom's grace]
  1687 | D:3      | Gained mutation: You have an increased reservoir of magic. (+10% MP) [Xom's grace]
  1847 | D:3      | Noticed Jessica
  1854 | D:3      | XOM: fog
  1860 | D:3      | Killed Jessica
  1860 | D:3      | Reached XP level 5. HP: 36/47 MP: 5/5
  2130 | D:4      | XOM: smoke on damage
  2166 | D:4      | XOM: destruction
  2171 | D:4      | Reached skill level 6 in Axes
  2172 | D:4      | XOM: enchant monster (good)
  2180 | D:4      | Slain by an orc

Skill      XL: |  1  2  3  4  5 |
---------------+----------------+-----
Fighting       | 4 |  4.5
Axes           | 5 6 |  6.1
Dodging        | 1 |  1.7
Armour         | |  2.8
Stealth        | |  0.8

Action                   |  1- 3 |  4- 6 || total
-------------------------+-------+-------++-------
Melee: Hand axe          |    80 |    50 ||   130
       Kick              |       |     5 ||     5
  Use: Potion            |     1 |     1 ||     2
       Scroll            |       |     9 ||     9
 Stab: Paralysed         |       |     4 ||     4
  Eat: Chunk             |     1 |     3 ||     4
Armor: Leather armour    |    31 |    48 ||    79
Dodge: Dodged            |    44 |    29 ||    73
